 Dungeon Crawl Stone Soup version 0.28-a0-586-gbdb9d174a4 (webtiles) character file.

Game seed: 16420055101935396311

5 KristoblXynda the Ducker (level 1, 0/11 HPs)
             Began as a Spriggan Gladiator on Oct 3, 2021.
             Slain by a hobgoblin (3 damage)
             ... on level 1 of the Dungeon.
             The game lasted 00:00:42 (143 turns).

KristoblXynda the Ducker (Spriggan Gladiator)        Turns: 143, Time: 00:00:42

Health: 0/11       AC:  2    Str: 10    XL:     1   Next: 66%
Magic:  2/2        EV: 18    Int:  9    God:
Gold:   0          SH:  0    Dex: 16    Spells: 0/0 levels left

rFire   . . .      SeeInvis +   a - +0 rapier
rCold   . . .      Faith    .   (shield restricted)
rNeg    . . .      Spirit   .   b - +0 robe
rPois   .          Reflect  .   c - +0 hat
rElec   .          Harm     .   (no cloak)
rCorr   .          Rampage  .   (gloves unavailable)
Will    .....                   (boots unavailable)
Stlth   ++........              (no amulet)
HPRegen 0.03/turn               (no ring)
MPRegen 0.08/turn               (no ring)

@: very quick
A: very small, no large weapons, unfitting armour, see invisible, speed 3
a: no special abilities


You were on level 1 of the Dungeon.
You visited 1 branch of the dungeon, and saw 1 of its levels.

Inventory:

Hand Weapons
 a - a +0 rapier (weapon)
Missiles
 d - 3 throwing nets (quivered)
Armour
 b - a +0 robe (worn)
 c - a +0 hat (worn)
Scrolls
 e - a scroll of teleportation {unknown}
Potions
 f - a potion of attraction {unknown}


   Skills:
 + Level 1.6 Fighting
 + Level 3.3 Short Blades
 - Level 2.0 Throwing
 + Level 4.1 Dodging
 + Level 1.0 Stealth


You couldn't memorise any spells.
You didn't know any spells.
Your spell library was empty.

Dungeon Overview and Level Annotations

Branches:
Dungeon (1/15)

Altars:


Innate Abilities, Weirdness & Mutations

You are very small and have problems with some larger weapons.
You are too small for most types of armour.
You have supernaturally acute eyesight. (SInv)
You cover ground extremely quickly. (Speed+++)


Message History

An endoplasm is nearby!
An endoplasm is nearby!
A hobgoblin comes into view.
A frilled lizard comes into view.
The frilled lizard hisses angrily.
The hobgoblin shouts!
The endoplasm quivers.
The endoplasm completely misses you. The endoplasm freezes you.
You are frozen.
You completely miss the endoplasm. The endoplasm freezes you.
You are frozen.
You hit the endoplasm but do no damage. The endoplasm freezes you.
You are frozen.
You hit the endoplasm.
The endoplasm is heavily wounded.
A quokka comes into view.
The endoplasm barely misses you.
An endoplasm is nearby!
You hit the endoplasm but do no damage.
The endoplasm is heavily wounded.
The endoplasm freezes you.
You are frozen.
* * * LOW HITPOINT WARNING * * *
You puncture the endoplasm!
You kill the endoplasm!
Your Stealth skill increases to level 1!
Found a scroll labelled RYLYES LUFOMO.
A hobgoblin is nearby!
You start resting.
A hobgoblin is nearby!
You completely miss the hobgoblin. The hobgoblin misses you. x2
You hit the hobgoblin.
The hobgoblin is lightly wounded.
The hobgoblin closely misses you.
You barely miss the hobgoblin.
The hobgoblin is lightly wounded.
The hobgoblin hits you.
You die...

###..###
##.####.#...#.#.
#.# #.#J..#.## #.#
#.#..g#.#
#.####.#...#..
#......##..l..r
#####g######......
#l....# #..##..
#g###.# #... ..
#@# #.# #.### .
#.# #.. #.# #..
..?. #.# ######..#
... #..#


You could see a hobgoblin and a frilled lizard.

Vanquished Creatures
  2 endoplasms (D:1)
  A frilled lizard (D:1)
  3 rats (D:1)
6 creatures vanquished.

Notes
Turn   | Place    | Note
-------+----------+-------------------------------------------
     0 | D:1      | KristoblXynda the Spriggan Gladiator began the quest for
                  | the Orb.
     0 | D:1      | Reached XP level 1. HP: 10/10 MP: 2/2
   126 | D:1      | Reached skill level 1 in Stealth
   143 | D:1      | Slain by a hobgoblin

Illustrated notes

Levels and vault maps discovered:
D:1:      wander_arrival_abandoned_jail, layout_basic,
          shapermc_ecumenical_altar_gd

Skill      XL: |  1 |
---------------+----+-----
Stealth        | 1 |  1.0
Fighting       | |  1.6
Short Blades   | |  3.3
Throwing       | |  2.0
Dodging        | |  4.1

Action                   || total
-------------------------++-------
Melee: Rapier            ||    17
 Stab: Sleeping          ||     2
Dodge: Dodged            ||    10

Table legend: (Time is in decaauts)
 A = Elapsed time spent in this place.
 B = Non-inter-level travel time spent in this place.
 C = Inter-level travel time spent in this place.
 D = Time resting spent in this place.
 E = Time spent auto-exploring this place.
 F = Levels seen in this place.
 G = Mean time per level.
                   A        B        C        D        E       F      G
               +--------+--------+--------+--------+--------+-----+--------+
         Total |     97 |     97 |      0 |      4 |     29 |   1 |   97.0 |
       Dungeon |     97 |     97 |      0 |      4 |     29 |   1 |   97.0 |
               +--------+--------+--------+--------+--------+-----+--------+

Top non-repeatable levels by time:
     D:1: 97 daAuts
